 Dungeon Crawl Stone Soup version 0.27-a0-1188-g73eefd5def (webtiles) character file.

Game seed: 586457560078329392

518 karrick the Sneak (level 7, 52/55 HPs)
             Began as a Grey Draconian Enchanter on May 20, 2021.
             Quit the game on level 5 of the Dungeon.
             The game lasted 00:13:07 (6957 turns).

karrick the Sneak (Grey Draconian Enchanter)        Turns: 6957, Time: 00:13:07

Health: 52/55      AC: 11    Str: 11    XL:     7   Next: 1%
Magic:  8/11       EV: 13    Int: 15    God:
Gold:   228        SH:  0    Dex: 13    Spells: 8/12 levels left

rFire    . . .     SeeInvis .   a - +1 dagger
rCold    . . .     Faith    .   (no shield)
rNeg     . . .     Spirit   .   (armour unavailable)
rPois    .         Reflect  .   (helmet restricted)
rElec    .         Harm     .   (no cloak)
rCorr    .         Rampage  .   (no gloves)
Will     .....                  (no boots)
Stlth    +++.......             (no amulet)
HPRegen  0.18/turn              (no ring)
MPRegen  0.12/turn              (no ring)

@: no status effects
A: AC +11, amphibious, unfitting armour, cold-blooded
a: no special abilities


You were on level 5 of the Dungeon.
You visited 1 branch of the dungeon, and saw 5 of its levels.

You collected 228 gold pieces.

Inventory:

Hand Weapons
 a - a +1 dagger (weapon)
Wands
 j - a wand of polymorph (17)
Scrolls
 b - 6 scrolls of identify
 h - 2 scrolls of enchant armour
 i - a scroll of teleportation {unknown}
 k - 2 scrolls of magic mapping
 n - 2 scrolls of amnesia {unknown}
 q - a scroll of enchant weapon {unknown}
Potions
 c - 2 potions of lignification {unknown}
 d - 3 potions of brilliance {unknown}
 e - a potion of heal wounds {unknown}
 f - a potion of curing {unknown}
 g - a potion of resistance {unknown}
 l - a potion of invisibility {unknown}
 m - a potion of flight {unknown}
 o - 2 potions of degeneration {unknown}
 p - a potion of berserk rage {unknown}
 r - a potion of might {unknown}


   Skills:
 + Level 2.1 Fighting
 + Level 3.1 Short Blades
 + Level 3.1 Dodging
 + Level 4.3 Stealth
 + Level 3.2 Spellcasting
 + Level 3.9 Hexes


You had 8 spell levels left.
You knew the following spells:

 Your Spells              Type           Power      Damage    Failure   Level
a - Corona                Hex            15%        N/A       3%          1
b - Confusing Touch       Hex            14%        N/A       12%         3

Your spell library contained the following spells:

 Spells                   Type           Power      Damage    Failure   Level
 Tukima's Dance           Hex            14%        N/A       12%         3
 Ensorcelled Hibernation  Hex/Ice        16%        N/A       13%         2
 Dazzling Flash           Conj/Hex       16%        N/A       26%         3
 Summon Lightning Spire   Summ/Air       2%         N/A       89%         4
 Silence                  Hex/Air        4%         N/A       94%         5
 Conjure Ball Lightning   Conj/Air       1%         3x3d6     100%        6
 Tornado                  Air            1%         N/A       100%        9


Dungeon Overview and Level Annotations

Branches:
Dungeon (5/15)
 Temple: D:4-7

Altars:
Ashenzari
Fedhas
Hepliaklqana
Kikubaaqudgha
Makhleb
Qazlal
Sif Muna

Shops:
D:2 !   D:3 (

Annotations:
D:3 exclusion: oklob plant


Innate Abilities, Weirdness & Mutations

Your dull iron-grey scales are very hard. (AC +11)
You are amphibious.
You cannot fit into any form of body armour.
You are cold-blooded and may be slowed by cold attacks.


Message History

The centaur zombie kicks you but does no damage.
You catch the helpless centaur zombie completely off-guard!
You puncture the centaur zombie! You tail-slap the centaur zombie.
The centaur zombie is almost destroyed.
The centaur zombie hits you but does no damage.
The centaur zombie closely misses you.
You hit the centaur zombie.
You destroy the centaur zombie!
No target in view!
No target in view!
Magic restored.
Found a robe.
A hound is nearby!
No target in view!
No target in view!
Found 9 gold pieces.
Casting: Confusing Touch (dangerous; 12% risk of failure)
Confirm with . or Enter, or press ? or * to list all spells.
Your hands begin to glow red.
You closely miss the hound.
Your tail-slap misses the hound.
The hound bites you but does no damage.
You hit the hound but do no damage. The hound bites you but does no damage.
You hit the hound but do no damage. The hound completely misses you.
You closely miss the hound. The hound barely misses you. x2
You hit the hound but do no damage. The hound closely misses you.
You hit the hound but do no damage.
The hound appears confused.
The hound bites you.
You hit the hound.
The hound is moderately wounded.
The hound misses you.
You catch the helpless hound completely off-guard!
You puncture the hound!
You kill the hound!
You have reached level 7!
Your scales start taking on a dull iron-grey colour.
You learn Air Magic much slower.
You learn Earth Magic much quicker.
Okay, then.
Okay, then.
Unknown command.
Are you sure you want to abandon this character and quit the game? (Confirm with "yes".)

.......#...........## .##
............###.#.#####...#
....####....# #.#.##.....$#
..#. #....# #.#..#.###..#
.## #..(.###..#....[.....
#..............#...## .
......####...###...#
.....#..####.†......[##
.....#..##.@..........#
.......................#
........#...##.........#
.....##................#
..... #.##..##........<#
.... #.###............# ...
#.# ####.....#.#.## ##. ...
#.....#....# ..
#.....###..#


There were no monsters in sight!

Vanquished Creatures
  A black bear (D:4)
  A phantom (D:5)
  A centaur zombie (D:5)
  An orc priest (D:4)
  A centaur skeleton (D:5)
  A hound (D:5)
  3 jellies
  A hound skeleton (D:5)
  5 adders
  An adder skeleton (D:4)
  2 worms
  4 dart slugs
  3 orcs (D:3)
  3 endoplasms
  2 giant cockroaches (D:2)
  7 goblins
  6 hobgoblins
  8 jackals
  5 kobolds
  2 quokkas (D:2)
  4 ball pythons
  4 bats
  3 frilled lizards
  2 rats
71 creatures vanquished.

Vanquished Creatures (others)
  10 toadstools (D:3)
10 creatures vanquished.

Grand Total: 81 creatures vanquished

Notes
Turn   | Place    | Note
-------+----------+-------------------------------------------
     0 | D:1      | karrick the Draconian Enchanter began the quest for the
                  | Orb.
     0 | D:1      | Reached XP level 1. HP: 14/14 MP: 3/3
   401 | D:1      | Reached XP level 2. HP: 20/20 MP: 5/5
   767 | D:1      | Reached skill level 3 in Stealth
  1057 | D:1      | Found a faded altar of an unknown god.
  1263 | D:2      | Reached XP level 3. HP: 8/26 MP: 6/6
  1507 | D:2      | Found Cajagg's Distillery.
  1747 | D:3      | Learned a level 3 spell: Confusing Touch
  2053 | D:3      | Found Peomyum's Weapon Boutique.
  2424 | D:3      | Found a shimmering blue altar of Sif Muna.
  2455 | D:3      | Found a blossoming altar of Fedhas.
  2477 | D:3      | Noticed an oklob plant
  3008 | D:2      | Reached XP level 4. HP: 31/33 MP: 7/7
  3787 | D:4      | Reached XP level 5. HP: 18/39 MP: 2/8
  4144 | D:4      | Found a stormy altar of Qazlal.
  4145 | D:4      | Found a burning altar of Makhleb.
  4148 | D:4      | Found an ancient bone altar of Kikubaaqudgha.
  4148 | D:4      | Found a hazy altar of Hepliaklqana.
  4148 | D:4      | Noticed a black bear
  4182 | D:5      | Entered Level 5 of the Dungeon
  4765 | D:5      | Noticed a phantom
  4816 | D:4      | Reached skill level 1 in Fighting
  5003 | D:4      | Killed a black bear
  5172 | D:4      | Found a broken altar of Ashenzari.
  5952 | D:4      | Reached XP level 6. HP: 30/48 MP: 6/10
  6479 | D:5      | Reached skill level 4 in Stealth
  6955 | D:5      | Your scales start taking on a dull iron-grey colour.
  6955 | D:5      | Reached XP level 7. HP: 52/55 MP: 7/11
  6957 | D:5      | Quit the game

Illustrated notes

Levels and vault maps discovered:
D:1:      minmay_arrival_four_circles, layout_basic,
          hellmonk_ecumenical_altar_zigzags
D:2:      cheibrodos_helix_gallery, layout_loops_ring, serial_shops, shop
D:3:      layout_basic, tgw_fedhas, general_overflow_altar, serial_shops, shop
D:4:      layout_layer_cave, chequers_temple_overflow_statue_of_worship,
          amcnicky_altar_gilded, minmay_misc_feat_roman,
          kennysheep_generic_room_10
D:5:      layout_rooms, minmay_temple_entry_from_below_a, uniq_menkaure

Skill      XL: |  1  2  3  4  5  6 |
---------------+-------------------+-----
Hexes          | 3 |  3.9
Stealth        | 3 4 |  4.3
Dodging        | 2 3 |  3.1
Short Blades   | 2 3 |  3.1
Fighting       | 1 2 |  2.1
Spellcasting   | 3 |  3.2

Action                   |  1- 3 |  4- 6 |  7- 9 || total
-------------------------+-------+-------+-------++-------
Melee: Dagger            |   145 |   240 |       ||   385
       Tailslap          |    13 |    30 |       ||    43
       Unarmed           |       |     3 |       ||     3
 Cast: Corona            |     3 |    14 |       ||    17
       Confusing Touch   |       |    22 |       ||    22
  Use: Scroll            |       |     3 |       ||     3
 Stab: Sleeping          |     2 |     3 |       ||     5
       Confused          |       |    19 |       ||    19
Armor: Skin              |    63 |    97 |       ||   160
Dodge: Dodged            |    87 |   139 |       ||   226

Table legend: (Time is in decaauts)
 A = Elapsed time spent in this place.
 B = Non-inter-level travel time spent in this place.
 C = Inter-level travel time spent in this place.
 D = Time resting spent in this place.
 E = Time spent auto-exploring this place.
 F = Levels seen in this place.
 G = Mean time per level.
                   A        B        C        D        E       F      G
               +--------+--------+--------+--------+--------+-----+--------+
         Total |   6930 |   6700 |    230 |   1310 |   4361 |   5 | 1386.0 |
       Dungeon |   6930 |   6700 |    230 |   1310 |   4361 |   5 | 1386.0 |
               +--------+--------+--------+--------+--------+-----+--------+

Top non-repeatable levels by time:
     D:4: 2354 daAuts
     D:3: 1732 daAuts
     D:2: 1211 daAuts
     D:1: 1194 daAuts
     D:5: 436 daAuts
